 Dungeon Crawl Stone Soup version 0.30.0-29-ga12c61a403 (webtiles) character file.

Game seed: 4279617120214630380

2511 FallenXxXSky the Cleaver (level 9, -8/79 HPs)
             Began as a Hill Orc Monk on June 19, 2023.
             Was a Priest of Beogh.
             Mangled by Gastronok (29 damage)
             ... on level 8 of the Dungeon.
             The game lasted 00:12:24 (6486 turns).

FallenXxXSky the Cleaver (Hill Orc Monk)            Turns: 6486, Time: 00:12:25

Health: -8/79      AC: 10    Str: 18    XL:     9   Next: 53%
Magic:  0/13       EV:  9    Int: 10    God:    Beogh [***...]
Gold:   389        SH:  9    Dex: 13    Spells: 8/8 levels left

rFire   + . .        a - +0 hand axe
rCold   . . .        s - +0 kite shield
rNeg    . . .        i - +0 scale mail
rPois   .            (no helmet)
rElec   .            (no cloak)
rCorr   .            w - +2 pair of gloves
SInv    .            (no boots)
Will    .....        A - amulet of Equilibrium {Spirit rF+} Stlth
                     j - ring of flight
HPRegen 0.33/turn    (no ring)
MPRegen 0.13/turn

%: guardian spirit
@: flying
A: no striking features
a: Renounce Religion, Smiting


You were on level 8 of the Dungeon.
You worshipped Beogh.
Beogh was most pleased with you.
You visited 2 branches of the dungeon, and saw 9 of its levels.
You also visited: Sewer.

You collected 389 gold pieces.

Inventory:

Hand Weapons
 a - a +0 hand axe (weapon)
Armour
 i - a +0 scale mail (worn)
 s - a +0 kite shield (worn)
 w - a +2 pair of gloves (worn)
Jewellery
 f - an amulet of reflection
 j - a ring of flight (left hand)
 A - the amulet of Equilibrium (around neck) {Spirit rF+}
   (You found it in a sewer)

   [amulet of guardian spirit]

   It causes incoming damage to be divided between your reserves of health and
   magic.
   rF:        It protects you from fire.
Wands
 d - a wand of digging (8)
 y - a wand of polymorph (7)
 E - a wand of paralysis (4)
Scrolls
 g - 5 scrolls of identify
 h - 2 scrolls of poison {unknown}
 k - 2 scrolls of magic mapping {unknown}
 l - 2 scrolls of blinking {unknown}
 m - 2 scrolls of fear {unknown}
 n - 5 scrolls of teleportation
 p - a scroll of noise {unknown}
 q - a scroll of amnesia {unknown}
 v - a scroll of summoning {unknown}
 x - a scroll of silence {unknown}
 F - a scroll of fog
 G - a scroll of enchant weapon {unknown}
Potions
 b - 2 potions of might
 c - a potion of ambrosia
 e - 4 potions of heal wounds
 o - a potion of curing
 t - a potion of berserk rage {unknown}
 u - a potion of haste {unknown}
 z - 2 potions of degeneration {unknown}
 B - a potion of flight {unknown}
 C - a potion of mutation {unknown}
 D - a potion of resistance {unknown}


   Skills:
 + Level 7.3 Fighting
 * Level 11.4 Axes
 + Level 4.9 Armour
 - Level 2.4 Dodging
 - Level 0.6 Stealth
 + Level 4.6 Shields
 + Level 5.5 Invocations


You had 8 spell levels left.
You didn't know any spells.
Your spell library contained the following spells:

 Spells                   Type           Power      Damage    Failure   Level
 Magic Dart               Conj           0%         1d3       96%         1
 Summon Small Mammal      Summ           0%         N/A       96%         1
 Blink                    Tloc           0%         N/A       99%         2
 Lesser Beckoning         Tloc           0%         N/A       99%         2
 Momentum Strike          Conj/Tloc      0%         3d8       99%         2
 Searing Ray              Conj           0%         2d4       99%         2
 Call Canine Familiar     Summ           0%         N/A       100%        3
 Dazzling Flash           Conj/Hex       0%         N/A       100%        3
 Gell's Gravitas          Tloc           0%         N/A       100%        3
 Summon Guardian Golem    Hex/Summ       0%         N/A       100%        3
 Teleport Other           Tloc           0%         N/A       100%        3
 Volatile Blastmotes      Fire/Tloc      0%         2d10      100%        3
 Fulminant Prism          Conj/Hex       0%         3d5       100%        4
 Iskenderun's Mystic Bla  Conj/Tloc      0%         2d3       100%        4
 Starburst                Conj/Fire      0%         6d3       100%        6


Dungeon Overview and Level Annotations

Branches:
Dungeon (8/15)             Temple (1/1) D:6           Sewer (visited)
   Lair: D:8-11

Altars:
Cheibriados
Fedhas
Gozag
Kikubaaqudgha
Qazlal
Wu Jian
The Shining One

Annotations:
D:8 Gastronok


Message History

You hit Gastronok but do no damage.
Gastronok is lightly wounded.
Gastronok chants a spell, wobbling all the while.
You slash Gastronok!
Gastronok is lightly wounded.
You hit the river rat. You hit the river rat.
The river rat is severely wounded.
You hit Gastronok. The river rat bites you.
You hit the river rat.
You kill the river rat!
The river rat's corpse disappears in a puff of smoke!
You hit Gastronok but do no damage.
Gastronok waves his eye-stalks in wide circles.
The air twists around and strikes you!!
* * * LOW HITPOINT WARNING * * *
Press: ? - help, v - describe, . - travel
Here: Gastronok, wearing a +2 hat (moderately wounded, covering ground quickly)
The floor.
Aiming: Smiting
Press: ? - help, Dir - move target, f - Gastronok Smite: Gastronok, wearing a +2 hat (moderately wounded, covering ground quickly)
You smite Gastronok!
Gastronok is moderately wounded.
You can no longer recall your orcish followers.
You don't have enough magic at the moment.
Unknown command.
Okay, then.
Unknown command.
Aiming: Polymorph
Press: ? - help, Shift-Dir - straight line, f/p - Gastronok
Aim: Gastronok, wearing a +2 hat (moderately wounded, covering ground quickly, will become a juggernaut, a shard shrike, or a frost giant, chance to affect: 7%)
Okay, then.
Aiming: Paralyse
Press: ? - help, Shift-Dir - straight line, f/p - Gastronok
Aim: Gastronok, wearing a +2 hat (moderately wounded, covering ground quickly, chance to affect: 7%)
Okay, then.
It was a potion of cancellation.
You feel magically purged. Gastronok bites you!!
You die...

# #. #..
#####
#...##...##
#...w@...)#
#!......))#
#....ยง..)<#
#.<..(..))#
###########


You could see Gastronok (swift).

Vanquished Creatures
  Sigmund (D:3)
  Duvessa (D:7)
  An ice beast (D:6)
  A centaur (D:6)
  A kobold brigand (D:6)
  A gnoll sergeant (D:8)
  6 bullfrogs
  7 scorpions (D:5)
  8 hounds
  A gnoll bouda (D:6)
  A jelly (D:5)
  A sleepcap (D:6)
  Jessica (D:2)
  3 iguanas
  Natasha (thrice) (D:3 D:4)
  3 orc wizards
  9 gnolls
  13 adders
  A shadow imp (D:5)
  3 white imps
  3 ufetubi
  4 worms
  9 orcs
  10 ball pythons
  8 endoplasms
  9 giant cockroaches
  4 goblins
  4 hobgoblins
  11 jackals
  3 quokkas
  8 bats
  3 frilled lizards
  9 kobolds
  7 rats
158 creatures vanquished.

Vanquished Creatures (collateral kills)
  A troll (D:7)
  A steam dragon (D:7)
  An ogre (D:7)
  Dowan (D:7)
  A gnoll (D:8)
  An orc (D:7)
6 creatures vanquished.

Vanquished Creatures (others)
  3 orcs
3 creatures vanquished.

Grand Total: 167 creatures vanquished

Notes
Turn   | Place    | Note
-------+----------+-------------------------------------------
     0 | D:1      | FallenXxXSky the Hill Orc Monk began the quest for the Orb.
     0 | D:1      | Reached XP level 1. HP: 19/19 MP: 1/1
   344 | D:1      | Reached XP level 2. HP: 26/26 MP: 2/2
   382 | D:1      | Reached skill level 5 in Axes
   667 | D:2      | Reached XP level 3. HP: 31/31 MP: 3/3
   837 | D:2      | Noticed Jessica
   841 | D:2      | Killed Jessica
   842 | D:2      | Reached skill level 6 in Axes
   842 | D:2      | Reached XP level 4. HP: 37/40 MP: 4/4
   844 | D:2      | Reached skill level 1 in Armour
  1120 | D:2      | Found a faded altar of an unknown god.
  1332 | D:3      | Reached XP level 5. HP: 44/46 MP: 5/5
  1411 | D:3      | Noticed Sigmund
  1433 | D:3      | Killed Sigmund
  1434 | D:3      | Reached skill level 7 in Axes
  1434 | D:3      | Reached XP level 6. HP: 51/55 MP: 6/6
  1552 | D:3      | Noticed Natasha
  1558 | D:3      | Killed Natasha
  1621 | D:3      | Noticed Natasha
  1674 | D:4      | Killed Natasha
  1772 | D:3      | Found a snail-covered altar of Cheibriados.
  1985 | D:4      | Found an ancient bone altar of Kikubaaqudgha.
  1991 | D:4      | Noticed Natasha
  2001 | D:4      | Killed Natasha
  2002 | D:4      | Reached skill level 5 in Fighting
  2194 | D:4      | Became a worshipper of Beogh the Brigand
  2194 | D:4      | Reached * piety under Beogh
  2194 | D:4      | Reached ** piety under Beogh
  2715 | D:4      | Found an ornate altar of the Wu Jian Council.
  2858 | D:4      | Reached skill level 8 in Axes
  2873 | D:4      | Reached XP level 7. HP: 61/61 MP: 7/7
  3068 | D:5      | Entered Level 5 of the Dungeon
  3078 | D:5      | Reached skill level 1 in Invocations
  3116 | D:5      | Reached skill level 1 in Shields
  3247 | D:5      | Found a stormy altar of Qazlal.
  3664 | D:5      | Reached skill level 9 in Axes
  3675 | D:5      | Reached XP level 8. HP: 52/70 MP: 10/10
  3749 | D:5      | Found the +11 Singing Sword {sonic wave}
  4220 | D:6      | Found a staircase to the Ecumenical Temple.
  4287 | D:6      | Found a glowing drain.
  4309 | Sewer    | Entered a sewer
  4366 | Sewer    | Reached *** piety under Beogh
  4401 | Sewer    | Reached skill level 10 in Axes
  4407 | Sewer    | Identified the amulet of Equilibrium {Spirit rF+}
  5031 | D:6      | Reached XP level 9. HP: 78/78 MP: 12/12
  5239 | D:6      | Found a blossoming altar of Fedhas.
  5500 | Temple   | Entered the Ecumenical Temple
  5554 | D:7      | Noticed a troll
  5560 | D:7      | Killed a troll
  5595 | D:7      | Noticed Duvessa
  5595 | D:7      | Noticed Dowan
  5601 | D:7      | Killed Duvessa
  5602 | D:7      | Reached skill level 5 in Invocations
  5607 | D:7      | Killed Dowan
  5739 | D:7      | Reached skill level 11 in Axes
  5953 | D:7      | Found a glowing golden altar of the Shining One.
  6382 | D:8      | Reached **** piety under Beogh
  6467 | D:8      | Noticed Gastronok
  6486 | D:8      | Mangled by Gastronok

Illustrated notes

Levels and vault maps discovered:
D:1:      dpeg_arrival_windows_large_door, layout_basic, hangedman_decor_points,
          chequers_mini_garden, serial_bayou_ford_a
D:2:      layout_loops_cross, shapermc_ecumenical_altar_venn, glass_columns_a,
          uniq_jessica
D:3:      layout_rooms, cheibrodos_worm_habitat, st_stairs_4, item_on_display_a,
          uniq_natasha, uniq_sigmund
D:4:      layout_basic, pdpol_wu_jian_five_deadly_venoms, lemuel_doored_altar
D:5:      old_forge, layout_loops_ring, mainiacjoe_overflow_paths,
          hangedman_abyss_or_decor_lesser_grid, corexii_leaking_fountain
D:6:      minmay_inner_zag, layout_loops_corners, mainiacjoe_overflow_alcove_2,
          minmay_temple_entry_grid, cheibrodos_sewer_entry_bend
D:7:      layout_loops_ring, lemuel_round_altar, dreamdust_princess_corridor,
          uniq_duvessa
D:8:      layout_gridville, led_sif_book, mainiacjoe_overflow_alcove_1,
          grunt_ashenzari_visionary [grunt_ashenzari_visionary_swamp,
          grunt_ashenzari_visionary_snake], uniq_gastronok
Temple:   nicolae_temple_superstar

Skill      XL: |  1  2  3  4  5  6  7  8  9 |
---------------+----------------------------+-----
Axes           | 5 6 7 8 9 10 11 | 11.4
Armour         | 1 2 4 |  4.9
Fighting       | 4 5 6 7 |  7.3
Invocations    | 3 4 5 |  5.5
Shields        | 2 3 4 |  4.6
Dodging        | |  2.4
Stealth        | |  0.6

Action                     |  1- 3 |  4- 6 |  7- 9 || total
---------------------------+-------+-------+-------++-------
  Melee: Hand axe          |    68 |   205 |   508 ||   781
 Invoke: Convert to Beogh  |       |     1 |       ||     1
         Smiting           |       |       |     1 ||     1
    Use: Scroll            |       |     4 |       ||     4
         Potion            |       |       |     2 ||     2
   Stab: Held in net/web   |       |       |     1 ||     1
 Armour: Ring mail         |    10 |       |       ||    10
         Scale mail        |    24 |    81 |   210 ||   315
  Dodge: Dodged            |    33 |    81 |   158 ||   272
  Block: Kite shield       |       |    38 |   214 ||   252
